 Dungeon Crawl Stone Soup version 0.20-a0-16-g0876c8e (webtiles) character file.

427 KristoblXynda the Insei (level 6, 0/38 HPs)
             Began as an Octopode Transmuter on Nov 3, 2016.
             Succumbed to a worker ant's poison
             ... on level 4 of the Dungeon.
             The game lasted 00:05:02 (3345 turns).

KristoblXynda the Insei (Octopode Transmuter)       Turns: 3345, Time: 00:05:02

Health: 0/38       AC:  1    Str: 15    XL:     6   Next: 97%
Magic:  9/9        EV: 13    Int: 15    God:
Gold:   188        SH:  0    Dex: 14    Spells: 1 memorised, 8 levels left

rFire  + . .     SeeInvis .       - Unarmed
rCold  + . .     Gourm    .     (no shield)
rNeg   . . .     Faith    .     (helmet restricted)
rPois  +         Spirit   .     (no amulet)
rElec  +         Reflect  .     (no ring)
rCorr  +         Harm     .     (no ring)
MR     .....                    (no ring)
Stlth  ++........               (no ring)
                                (no ring)
                                (no ring)
                                (no ring)
                                (no ring)

@: mighty, lethally poisoned (0 -> -3), resistant, very slightly contaminated,
hasted, very quick
A: almost no armour, stealthy swim, amphibious, 8 rings, constrict 8, camouflage
1, gelatinous body 1
a: no special abilities


You were on level 4 of the Dungeon.
You were not hungry.

You visited 1 branch of the dungeon, and saw 4 of its levels.

You collected 188 gold pieces.

Inventory:

Hand Weapons
 j - a +1 spear
Armour
 f - a +2 large shield of positive energy
Scrolls
 a - a scroll of teleportation {unknown}
 g - 5 scrolls of remove curse
 i - a scroll of amnesia
 k - a scroll of enchant armour {unknown}
 l - a scroll of recharging
Potions
 d - a potion of flight
 m - a potion of resistance
Books
 b - a book of Changes

   Spells                             Type                      Level
   a - Beastly Appendage              Transmutation                1
   b - Sticks to Snakes               Transmutation                2
   c - Spider Form                    Transmutation/Poison         3
   d - Ice Form                       Ice/Transmutation            4
   e - Blade Hands                    Transmutation                5
Comestibles
 c - 3 bread rations
 h - a meat ration


   Skills:
 - Level 1.0 Fighting
 - Level 2.0 Dodging
 * Level 6.4 Unarmed Combat
 - Level 2.0 Spellcasting
 + Level 4.4 Transmutations


You had 8 spell levels left.
You knew the following spells:

 Your Spells              Type           Power        Failure   Level  Hunger
a - Beastly Appendage     Tmut           ##....       4%          1    #......


Dungeon Overview and Level Annotations

Branches:
Dungeon (4/15)
 Temple: D:4-7

Altars:
Vehumet
Yredelemnul
Zin


Innate Abilities, Weirdness & Mutations

You cannot wear most types of armour.
You are very stealthy in the water. (Stealth+)
You are amphibious.
You can wear up to eight rings at the same time.
You can use your tentacles to constrict eight enemies at once.
Your skin changes colour to match your surroundings (Stealth+).
Your rubbery body absorbs attacks. (AC +1, EV +1)


Message History

Unknown command.
You barely miss the scorpion.
The scorpion is almost dead.
You constrict the scorpion.
You kill the scorpion!
It was a potion of cancellation.
Your magical effects are unravelling.
You feel magically purged.
Your tentacle spike disappears.
* * * LOW HITPOINT WARNING * * *
You feel sick.
Unknown command.
It was a potion of haste.
You feel yourself speed up.
You are very lightly contaminated with residual magic.
It was a potion of might.
You feel very mighty all of a sudden.
Unknown command.
Unknown command.
You feel protected.
You die...

.#.### ##.....
...... #...> #...
#.. #†# #@# #.#
#.# #.## #..# ##.#
#########.#
#......##.#
########.####.##.#


There were no monsters in sight!

Vanquished Creatures
  Sigmund (D:2)
  A scorpion (D:4)
  Jessica (D:2)
  An orc wizard (D:3)
  2 worker ants
  4 adders (D:2)
  2 oozes (D:3)
  A worm (D:2)
  3 dart slugs
  A leopard gecko (D:3)
  An orc (D:4)
  A ball python (D:2)
  6 bats
  8 giant cockroaches
  6 goblins
  9 hobgoblins
  6 jackals
  3 quokkas (D:3)
  8 frilled lizards
  7 kobolds
  6 rats
78 creatures vanquished.

Notes
Turn   | Place    | Note
-------+----------+-------------------------------------------
     0 | D:1      | KristoblXynda the Octopode Transmuter began the quest for the Orb.
     0 | D:1      | Reached XP level 1. HP: 13/13 MP: 3/3
   351 | D:1      | Reached XP level 2. HP: 9/18 MP: 5/5
   944 | D:1      | Reached XP level 3. HP: 23/23 MP: 6/6
  1253 | D:2      | Found a basalt altar of Yredelemnul.
  1506 | D:2      | Noticed Jessica
  1515 | D:2      | Killed Jessica
  1515 | D:2      | Reached skill level 4 in Unarmed Combat
  1515 | D:2      | Reached XP level 4. HP: 9/28 MP: 4/7
  1602 | D:2      | Found a glowing silver altar of Zin.
  1619 | D:2      | Noticed Sigmund
  1627 | D:2      | Killed Sigmund
  1627 | D:2      | Reached skill level 5 in Unarmed Combat
  1627 | D:2      | Reached XP level 5. HP: 16/33 MP: 6/8
  1813 | D:2      | Reached XP level 6. HP: 31/38 MP: 9/9
  1905 | D:2      | Found a radiant altar of Vehumet.
  2842 | D:3      | Reached skill level 6 in Unarmed Combat
  3340 | D:4      | HP: 1/38 [scorpion (6)]
  3345 | D:4      | Succumbed to a worker ant's poison

Vault maps used:
D:1:      dpeg_arrival_solitude, serial_bayou, serial_bayou_shore_b,
          serial_bayou_lake_a, serial_bayou_pond_d, serial_bayou_lagoon_b
D:2:      lemuel_doored_altar, nicolae_overflow_crystal_walls,
          fiery_altar_vehumet, grunt_ministairs_13, uniq_jessica, uniq_sigmund
D:3:      first_bread
D:4:      serial_shops, shop, uniq_blork_the_orc, uniq_edmund, uniq_natasha

Skill      XL: |  1  2  3  4  5  6 |
---------------+-------------------+-----
Unarmed Combat | 4 5 6 |  6.4
Transmutations | 3 4 |  4.4
Fighting       | |  1.0
Dodging        | |  2.0
Spellcasting   | |  2.0

Action                   |  1- 3 |  4- 6 || total
-------------------------+-------+-------++-------
Melee: Unarmed           |    72 |   107 ||   179
       Constrict         |    22 |    25 ||    47
       Tentacles         |    11 |    19 ||    30
       Kick              |     1 |     6 ||     7
       Punch             |       |     1 ||     1
 Cast: Beastly Appendage |     1 |     3 ||     4
  Use: Potion            |       |     5 ||     5
       Scroll            |       |     6 ||     6
 Stab: Sleeping          |     1 |    10 ||    11
  Eat: Chunk             |     2 |     1 ||     3
       Pizza             |       |     1 ||     1
       Meat ration       |       |     1 ||     1
       Royal jelly       |       |     1 ||     1
Armor: Skin              |    12 |     4 ||    16
Dodge: Dodged            |    58 |    65 ||   123
